[Event "Early-Titled-Tuesday-Blitz-May-07-2024"]
[Site "Chess.com"]
[Date "2024.05.07"]
[Round "5"]
[White "Senn71"]
[Black "Zapateado"]
[Result "1-0"]
[WhiteElo "2230"]
[BlackElo "2372"]
[TimeControl "180+1"]
[EndTime "8:59:22 PDT"]
[Termination "Senn71 won on time"]

1. e4 c5 2. Nf3 g6 3. c4 Nc6 4. d4 cxd4 5. Nxd4 Nf6 6. Nc3 d6 7. Be2 Nxd4 8. Qxd4 Bg7 9. Be3 O-O 10. Qd2 Be6 11. O-O Qa5 12. f3 Rfc8 13. Nd5 Qxd2 14. Bxd2 Nxd5 15. cxd5 Bd7 16. Bd3 Bxb2 17. Rab1 Bd4+ 18.
Kh1 b6 19. g4 e6 20. dxe6 Bxe6 21. a3 Ba2 22. Rbc1 Bb2 23. Rxc8+ Rxc8 24. a4 Bc4 25.
Bxc4 Rxc4 26. Rb1 Bd4 27. a5 Rc2 28. Bf4 Rb2 29. Rc1 f6 30. axb6 axb6 31. Bxd6 Rf2 32. f4 Kf7 33. f5 gxf5 34. exf5 Be5 35. Rc7+ Kg8 36. Bxe5 fxe5 37. Re7 Re2 38. f6 Kf8 39.
Rxh7 e4 40. Kg1 e3 41. Re7 Rf2 42. g5 Rf5 43. h4 Rf4 44. Rxe3 Rxh4 45. Kf2 Kf7 46. Kg3 Rc4 47. Re7+ Kg6 48. Rg7+ Kf5 49. f7 Rg4+ 50. Kh3 1-0

[Event "Early-Titled-Tuesday-Blitz-May-07-2024"]
[Site "Chess.com"]
[Date "2024.05.07"]
[Round "5"]
[White "Guldona_2007"]
[Black "Kostukov_Alex"]
[Result "0-1"]
[WhiteElo "2158"]
[BlackElo "2372"]
[TimeControl "180+1"]
[EndTime "8:59:22 PDT"]
[Termination "Kostukov_Alex won on time"]

1. e4 c5 2. Nf3 g6 3. d4 cxd4 4. Nxd4 Bg7 5. Ne2 Nc6 6. Nbc3 Nf6 7. g3 O-O 8. Bg2 d6 9. O-O Bd7 10. h3 Rb8 11. a4 a6 12. Nd5 Ne5 13. b3 Nxd5 14.
exd5 b5 15. axb5 axb5 16. Ra2 Bc8 17. f4 Nd7 18. Be3 Nf6 19. Nd4 Bd7 20. Nc6 Bxc6 21. dxc6 d5 22. Bd4 e6 23. Be5 Qb6+ 24. Kh2 Ra8 25.
Rxa8 Rxa8 26. c7 Nd7 27. Qa1 Qb7 28. Qc3 Nxe5 29. fxe5 Rc8 30. Re1 Qxc7 31. Qxc7 Rxc7 32. Re2 h5 33. Bf1 b4 34. Kg2 Rc3 35. Kf2 Bh6 36.
Bg2 Kf8 37. Bf3 Ke7 0-1

[Event "Early-Titled-Tuesday-Blitz-May-07-2024"]
[Site "Chess.com"]
[Date "2024.05.07"]
[Round "5"]
[White "mind1mover"]
[Black "tetrix83"]
[Result "1-0"]
[WhiteElo "2907"]
[BlackElo "2667"]
[TimeControl "180+1"]
[EndTime "8:59:25 PDT"]
[Termination "mind1mover won on time"]

1. e4 c5 2. Nf3 e6 3. d4 cxd4 4. Nxd4 a6 5. a3 Nf6 6. Nc3 d6 7. g4 b5 8. g5 Nfd7 9. h4 Bb7 10. Be3 Nc5 11. f3 Qc7 12. h5 Nc6 13. Nxc6 Bxc6 14. Qd4 Qb7 15. h6 Rg8 16. hxg7 Rxg7 17.
b4 e5 18. Qd2 Ne6 19. Nd5 Bxd5 20. Qxd5 Qxd5 21. exd5 Nxg5 22. Be2 Be7 23. a4 Rb8 24. axb5 axb5 25. Ra5 Kf8 26. Kf2 f5 27. Rxb5 Rxb5 28.
Bxb5 f4 29. Bc1 Bf6 30. Bd3 Rb7 31. b5 e4 32. Bxe4 Bd4+ 33. Ke2 Nxe4 34. fxe4 Rxb5 35.
Bxf4 Bc5 36. Rxh7 Rb4 37. Kf3 Rc4 38. Rh2 Rc3+ 39. Kg4 Kf7 40. Rg2 1-0

[Event "Early-Titled-Tuesday-Blitz-May-07-2024"]
[Site "Chess.com"]
[Date "2024.05.07"]
[Round "5"]
[White "czechbul17"]
[Black "Journey_to_GrandMaster_YT"]
[Result "0-1"]
[WhiteElo "2129"]
[BlackElo "2542"]
[TimeControl "180+1"]
[EndTime "8:59:25 PDT"]
[Termination "Journey_to_GrandMaster_YT won by resignation"]

1. d4 Nf6 2. c4 e6 3. Nf3 d5 4. g3 Bb4+ 5. Bd2 Be7 6. Bg2 O-O 7.
O-O c6 8. Qc2 Ne4 9. Rd1 Nd7 10.
Bf4 a5 11. Nc3 f5 12. cxd5 exd5 13. Ne5 Ndf6 14. f3 Nd6 15. Bg5 Nh5 16. Bxe7 Qxe7 17. Na4 f4 18. g4 Nf6 19. Nb6 Ra6 20. Qc5 Be6 21. e3 Qd8 22. Na4 b5 23. Nc3 Nb7 24.
Nxc6 Qd7 25. Ne7+ Kf7 26. Qxb5 Qxb5 27. Nxb5 Kxe7 28. exf4 g6 29. Rac1 Rc8 30. Rxc8 Bxc8 31. Rc1 Bd7 32. Rc7 Rb6 33. a4 Kd8 34. Rc1 Bxb5 35.
axb5 Rxb5 36. Rc2 Nd6 37. Kf2 Nc4 38. Bf1 Rxb2 39. Rxb2 Nxb2 40. Ke3 Nc4+ 41. Kd3 Ne8 42. Kc3 Ned6 43. Bd3 Kd7 44. Bc2 Nb5+ 45. Kd3 a4 46. Bxa4 Nb2+ 47. Ke3 Nxa4 48. f5 gxf5 49. gxf5 Ke7 50. Kf4 Kf6 51. Kg4 Nxd4 52. Kh5 Nxf5 53. h4 d4 54. f4 d3 55. Kg4 d2 56. Kh3 d1=Q 0-1

[Event "Early-Titled-Tuesday-Blitz-May-07-2024"]
[Site "Chess.com"]
[Date "2024.05.07"]
[Round "5"]
[White "only_strong_moves"]
[Black "vugarrasulov"]
[Result "0-1"]
[WhiteElo "2709"]
[BlackElo "2970"]
[TimeControl "180+1"]
[EndTime "8:59:26 PDT"]
[Termination "vugarrasulov won by resignation"]

1. Nc3 Nf6 2. e4 e5 3. Bc4 Nc6 4. d3 Na5 5. Nge2 Be7 6. O-O O-O 7. Ng3 d6 8. h3 c6 9. a4 Nxc4 10. dxc4 Be6 11. b3 Nd7 12. Qf3 a6 13. Rd1 Re8 14. Ba3 Qc7 15. Qd3 Nc5 16. Qe3 h6 17. Qf3 g6 18. Rd2 Bg5 19. Rdd1 Rad8 20. Nf1 Bc8 21. Kh2 Ne6 22. Ne2 d5 23. g3 dxc4 24. bxc4 Nd4 25.
Nxd4 exd4 26. c5 Qe5 27. Re1 h5 28. Kg2 Qe6 29. h4 Bh6 30. Bc1 Bxc1 31. Raxc1 Qc4 32. Qa3 Re5 33. Rcd1 Qxc5 34. Qb2 Ree8 35. Nd2 Bg4 36. f3 Be6 37. e5 Bd5 38. Ne4 Bxe4 39. Rxe4 Rxe5 40. Rexd4 Rxd4 41. Rxd4 Qe7 42. Kh3 Qe6+ 43.
g4 hxg4+ 44. Rxg4 Re1 45. Kg3 Rg1+ 46. Kf2 Rxg4 47. fxg4 Qxg4 48. Qxb7 Qxh4+ 49. Ke3 Qxa4 50. Qc8+ Kg7 51. Qb8 Qa3+ 52. Kd2 Qa5+ 53. c3 Qd5+ 54. Kc1 a5 55. Kb2 a4 56. Ka3 Qb3+ 57. Qxb3 axb3 58. Kxb3 g5 0-1

[Event "Early-Titled-Tuesday-Blitz-May-07-2024"]
[Site "Chess.com"]
[Date "2024.05.07"]
[Round "5"]
[White "GMAneta"]
[Black "TigranMukhutdinov"]
[Result "1-0"]
[WhiteElo "2522"]
[BlackElo "2669"]
[TimeControl "180+1"]
[EndTime "8:59:26 PDT"]
[Termination "GMAneta won by resignation"]

1. d4 d6 2. Nf3 Bg4 3. h3 Bh5 4. c4 Nf6 5. Qb3 Qc8 6. Nbd2 Bg6 7. g3 Nc6 8. Bg2 e5 9. Qc3 exd4 10. Nxd4 Nxd4 11. Qxd4 Be7 12. O-O O-O 13. b3 Nd7 14.
Ne4 Bxe4 15. Qxe4 Nc5 16. Qf3 Bf6 17. Rb1 a5 18. Be3 Rb8 19. Rfd1 b6 20. a3 Qe6 21.
Rbc1 Bb2 22. Bxc5 Bxc1 23. Bxb6 Rxb6 24. Rxc1 Re8 25. Kf1 Reb8 26. Rc3 Qe5 27. Qd3 g6 28. Bf3 Kg7 29. Kg2 Qc5 30. a4 Qe5 31. Bd5 Re8 32. Qf3 Re7 33. Re3 Qf6 34. Rxe7 Qxe7 35. h4 f6 36. h5 Qe5 37. hxg6 hxg6 38. Qd3 f5 39. Qd2 Rxb3 40. Qxa5 Qe7 41. Qa7 Rb2 42. e3 Kf6 43. a5 c5 44. Qa8 Ra2 45. a6 Kg5 46. Qh8 f4 47. Qh4+ 1-0

[Event "Early-Titled-Tuesday-Blitz-May-07-2024"]
[Site "Chess.com"]
[Date "2024.05.07"]
[Round "5"]
[White "VacheH009"]
[Black "MarkusRagger"]
[Result "0-1"]
[WhiteElo "2579"]
[BlackElo "2821"]
[TimeControl "180+1"]
[EndTime "8:59:27 PDT"]
[Termination "MarkusRagger won by checkmate"]

1. d4 Nf6 2. c4 g6 3. Nc3 d5 4.
Nf3 Bg7 5. Bg5 Ne4 6. cxd5 Nxg5 7. Nxg5 e6 8. Nf3 exd5 9. e3 O-O 10. Bd3 Be6 11.
O-O Nd7 12. b4 c6 13. h3 a5 14. Qb3 axb4 15. Qxb4 Qa5 16. Qxa5 Rxa5 17. a4 h6 18. Rfb1 b6 19. Ra2 Rfa8 20. Rc2 Bf8 21. Ne2 c5 22.
Bb5 Bf5 23. Rcb2 Bxb1 24. Rxb1 Nf6 25. Nc3 Rc8 26. Rb3 Bd6 27. g4 Ra7 28. Kg2 Rac7 29. Ba6 Ra8 30. Bb5 Rac8 31. Ba6 Rd8 32. Rxb6 cxd4 33.
Nb5 Rcd7 34. Nbxd4 Ne4 35. Bb5 Bc5 36. Ra6 Rd6 37.
Nc6 Re8 38. Kf1 Rf6 39. Ke2 Nc3+ 40. Kd3 Rxf3 41. Kxc3 Rxf2 42. Kd3 Rxe3# 0-1

[Event "Early-Titled-Tuesday-Blitz-May-07-2024"]
[Site "Chess.com"]
[Date "2024.05.07"]
[Round "5"]
[White "PonyQueen07"]
[Black "KorolDimitriy75"]
[Result "0-1"]
[WhiteElo "2141"]
[BlackElo "2368"]
[TimeControl "180+1"]
[EndTime "8:59:27 PDT"]
[Termination "KorolDimitriy75 won by checkmate"]

1. c4 c5 2. Nc3 g6 3. g3 Bg7 4. Bg2 Nc6 5. e4 d6 6. Nge2 e5 7. O-O Nge7 8. d3 O-O 9. Be3 f5 10.
f4 Be6 11. Qd2 Qd7 12. Nd5 Rae8 13. fxe5 Nxe5 14. Bg5 Bxd5 15. cxd5 Ng4 16. h3 Nf6 17. Nf4 Rf7 18. Ne6 Bh8 19. Bh6 b6 20. Ng5 Qc8 21. Nxf7 Kxf7 22. Rae1 Qd7 23. d4 cxd4 24. Bg5 Bg7 25.
Bxf6 Bxf6 26. Kh2 Kg7 27. exf5 Nxf5 28. Rxe8 Qxe8 29. Re1 Ne3 30. b4 Qe5 31. Qf2 h5 32. Re2 h4 33. Qf3 Bg5 34. Kg1 hxg3 35. Re1 Bf4 36. Rf1 g5 37. Re1 d3 38. Rd1 Nxd1 39.
Qxd1 Qe3+ 40. Kh1 d2 41. Bf3 Qe1+ 42. Kg2 Qf2+ 43. Kh1 Qh2# 0-1

[Event "Early-Titled-Tuesday-Blitz-May-07-2024"]
[Site "Chess.com"]
[Date "2024.05.07"]
[Round "5"]
[White "pirulillo"]
[Black "chess123456s"]
[Result "1/2-1/2"]
[WhiteElo "2397"]
[BlackElo "2620"]
[TimeControl "180+1"]
[EndTime "8:59:28 PDT"]
[Termination "Game drawn by repetition"]

1. e4 e5 2. Bc4 Nf6 3. d3 Nc6 4. Nf3 Bc5 5. c3 d6 6. O-O a5 7. a4 O-O 8. h3 h6 9. Nbd2 Be6 10. Bb5 Bb6 11. Re1 Ne7 12. d4 Ng6 13. Nf1 c6 14.
Bd3 Nh5 15. Kh2 Nhf4 16. Ng3 Qd7 17. Nf5 f6 18. g3 Nxd3 19. Qxd3 d5 20. g4 dxe4 21.
Qxe4 Bxf5 22. gxf5 Ne7 23. Nh4 Kh8 24. Rg1 exd4 25.
Qg4 Rg8 26. Qh5 Qe8 27. Ng6+ Nxg6 28. Rxg6 Qe5+ 29. Rg3 Kh7 30. Bxh6 gxh6 31. Qf7+ Kh8 32. Rg1 dxc3 33. Qh5 Kh7 34. Qf7+ Kh8 35. Kh1 Rxg3 36.
Rxg3 Qe1+ 37. Kh2 Qxf2+ 38. Rg2 Qf4+ 39. Kh1 Qf1+ 40. Kh2 Qf4+ 41. Kh1 Qc1+ 42. Kh2 Qf4+ 1/2-1/2

[Event "Early-Titled-Tuesday-Blitz-May-07-2024"]
[Site "Chess.com"]
[Date "2024.05.07"]
[Round "5"]
[White "MVM2008"]
[Black "Doublekk14"]
[Result "1-0"]
[WhiteElo "2560"]
[BlackElo "2354"]
[TimeControl "180+1"]
[EndTime "8:59:28 PDT"]
[Termination "MVM2008 won on time"]

1. e4 c5 2. Nf3 e6 3. d4 cxd4 4.
Nxd4 Nf6 5. Nc3 Nc6 6. a3 d6 7.
Be3 a6 8. f4 Qc7 9. Be2 Be7 10.
O-O Bd7 11. Bf3 Nxd4 12. Bxd4 e5 13. Be3 Bc6 14. Qe1 exf4 15. Bxf4 Nd7 16. Nd5 Bxd5 17. exd5 Ne5 18. Bxe5 dxe5 19. Be4 Bf6 20. Qb4 Be7 21. Qa4+ b5 22. Qb3 Bd6 23. a4 O-O 24. axb5 axb5 25. Qxb5 Rab8 26. Qc6 Rxb2 27. Ra6 Rd8 28. c4 Bc5+ 29.
Kh1 Qd6 30. Rc1 Rb6 31. Rxb6 Bxb6 32. Qxd6 Rxd6 33. c5 Bxc5 34. Rxc5 g6 35. Rc6 Rd7 36. g4 Kf8 37. g5 Ke7 38. Kg2 1-0

[Event "Early-Titled-Tuesday-Blitz-May-07-2024"]
[Site "Chess.com"]
[Date "2024.05.07"]
[Round "5"]
[White "KononenkoD"]
[Black "Rosh1610"]
[Result "0-1"]
[WhiteElo "2603"]
[BlackElo "2492"]
[TimeControl "180+1"]
[EndTime "8:59:29 PDT"]
[Termination "Rosh1610 won on time"]

1. e4 e5 2. Nf3 Nc6 3. d4 exd4 4.
Nxd4 Bc5 5. Nxc6 dxc6 6. Qxd8+ Kxd8 7. Bc4 Ke8 8. Bf4 Bd6 9. e5 Bc5 10. Nd2 Ne7 11. Ne4 Bb6 12. Ng5 f6 13. exf6 gxf6 14. Ne6 Bxe6 15. Bxe6 Ng6 16. Bg3 Ke7 17. Bb3 f5 18. h4 f4 19. Bh2 Nxh4 20. O-O-O Nxg2 21. Rhg1 f3 22. Rd3 Rhf8 23. Bg3 h5 24. Rh1 Rf5 25. c3 Rh8 26. Bd1 h4 27. Bxf3 hxg3 28. Rxh8 Ne1 29. Rh7+ Kf6 30. Rdd7 Nxf3 31. fxg3 Ne5 32. Rd1 Rf3 33.
Rh6+ Kg5 34. Rh3 Nd3+ 35. Kd2 Nf2 36. Ke2 Rf8 37. Rh7 Re8+ 38. Kf3 Nxd1 39. Rg7+ Kf6 40. Rd7 Re3+ 41. Kf4 Nxb2 42. g4 Nd3+ 0-1

[Event "Early-Titled-Tuesday-Blitz-May-07-2024"]
[Site "Chess.com"]
[Date "2024.05.07"]
[Round "5"]
[White "Gumugama"]
[Black "MaxLeto"]
[Result "0-1"]
[WhiteElo "2255"]
[BlackElo "2428"]
[TimeControl "180+1"]
[EndTime "8:59:29 PDT"]
[Termination "MaxLeto won by resignation"]

1. e4 c5 2. Nf3 d6 3. d4 cxd4 4.
Nxd4 Nf6 5. Nc3 a6 6. f3 e6 7.
Be3 b5 8. Qd2 Nbd7 9. O-O-O b4 10.
Nce2 d5 11. exd5 Nxd5 12. Nf4 Bb7 13. Nxd5 Bxd5 14. Kb1 Nb6 15. f4 Be7 16. f5 O-O 17. fxe6 fxe6 18. Bd3 Qc7 19. Rhf1 Nc4 20. Qe2 Nxe3 21.
Qxe3 Bf6 22. g4 Qb6 23. Rxf6 Rxf6 24. g5 Rf3 25. Qe2 Rf4 26. Qe3 Raf8 27. Qh3 g6 28. Ne2 Rf3 29. Qg4 Rf1 30. Ng3 Rxd1+ 31. Qxd1 a5 32.
h4 Qe3 33. Ne2 Bg2 34. Nc1 Rf1 35. Bxf1 Bf3 36. Qd8+ Kg7 37. Qd3 Qf4 38. Qd1 Bd5 39. Qd4+ Qxd4 40. Ne2 Qf2 41. Nc1 Qxf1 0-1

[Event "Early-Titled-Tuesday-Blitz-May-07-2024"]
[Site "Chess.com"]
[Date "2024.05.07"]
[Round "5"]
[White "s_stefi"]
[Black "JaackCamel"]
[Result "1-0"]
[WhiteElo "1936"]
[BlackElo "2240"]
[TimeControl "180+1"]
[EndTime "8:59:29 PDT"]
[Termination "s_stefi won by checkmate"]

1. e4 e6 2. d3 d5 3. Nd2 c5 4. Ngf3 Nc6 5. g3 Nf6 6. Bg2 g6 7.
O-O Bg7 8. Re1 O-O 9. Qe2 a5 10. Nf1 a4 11. e5 Nd7 12. Bf4 a3 13. c3 axb2 14. Qxb2 Qa5 15. h4 Qa3 16. Qd2 b5 17.
N1h2 b4 18. c4 Nb6 19. Bh6 Qc3 20. Qg5 f6 21. exf6 Bxf6 22. Qe3 Re8 23. Qxc5 Nd4 24. Qxb6 Nc2 25. Rac1 Qa3 26. Rxc2 b3 27. axb3 Qe7 28.
Rce2 e5 29. Bg5 Ra6 30. Qe3 Re6 31. Bxf6 Qxf6 32. cxd5 R6e7 33. Qg5 Qf7 34. Ng4 Kg7 35. Nfxe5 Qf5 36. Qxf5 gxf5 37. Nh2 Bb7 38. Nhf3 Ba6 39. Re3 f4 40. Re4 h5 41. Rxf4 Rb8 42. Rf5 Bb5 43. Rg5+ Kf6 44. Rg6+ Kf5 45. Rg5+ Kf6 46. Rxh5 Kg7 47.
Rg5+ Kh7 48. Ng4 Rxe1+ 49. Nxe1 Bxd3 50. Nxd3 Rxb3 51. Kh2 Rxd3 52. Nf6+ Kh6 53. Be4 Rd2 54. Rg6# 1-0

[Event "Early-Titled-Tuesday-Blitz-May-07-2024"]
[Site "Chess.com"]
[Date "2024.05.07"]
[Round "5"]
[White "Njal28"]
[Black "praveenb2002"]
[Result "1-0"]
[WhiteElo "3123"]
[BlackElo "2862"]
[TimeControl "180+1"]
[EndTime "8:59:31 PDT"]
[Termination "Njal28 won on time"]

1. e4 c6 2. d4 d5 3. exd5 cxd5 4. Nf3 Nc6 5. c3 Bg4 6. h3 Bh5 7. Qb3 Qd7 8. Ne5 Nxe5 9. dxe5 a6 10. c4 dxc4 11.
Bxc4 e6 12. O-O b5 13. Bd3 Rd8 14. Be4 Bc5 15. Nc3 Ne7 16. Qc2 Bd4 17. Bf4 Qc7 18. Rfe1 h6 19. Rac1 O-O 20. Bg3 Kh8 21. Qb3 Qb8 22. Bb1 Ng6 23. Bxg6 Bxg6 24. Ne4 Bxe5 25. Bxe5 Qxe5 26. Nc5 Qd5 27. Qa3 b4 28. Qxb4 Qxa2 29.
Nd7 Rfe8 30. Ne5 Qd5 31. Rc7 Rb8 32. Qc3 Rg8 33. Qg3 Qb3 34. Nxg6+ fxg6 35. Qxg6 Qxb2 36. Qxe6 Qf6 37. Qxf6 gxf6 38. Ree7 Rg6 39. Rh7+ Kg8 40. Ra7 f5 41. Rhc7 Rd8 42. Rf7 Rg5 43. Rf6 h5 44.
Raxa6 1-0

[Event "Early-Titled-Tuesday-Blitz-May-07-2024"]
[Site "Chess.com"]
[Date "2024.05.07"]
[Round "5"]
[White "francyIM"]
[Black "Kostya0705"]
[Result "0-1"]
[WhiteElo "2791"]
[BlackElo "2568"]
[TimeControl "180+1"]
[EndTime "8:59:31 PDT"]
[Termination "Kostya0705 won by resignation"]

1. d4 Nf6 2. Nc3 d5 3. e4 Nxe4 4. Nxe4 dxe4 5. Bc4 Bf5 6. f3 exf3 7. Nxf3 e6 8. c3 Nc6 9. Qe2 Bd6 10. Bg5 Qd7 11. O-O-O f6 12. Be3 O-O-O 13. Rhe1 Rhe8 14. Qf2 Na5 15. Bd3 Bxd3 16. Rxd3 Qb5 17. Qc2 Nc4 18. b3 Nxe3 19. Rdxe3 Bf4 20. Qxh7 Bxe3+ 21. Rxe3 e5 22. Qxg7 exd4 23. c4 Qf5 24. Rxe8 Rxe8 25. Qh6 Re2 26. Qf8+ Kd7 27. Qf7+ Re7 28. Qg8 Qf4+ 29. Kb1 Qe4+ 30. Kb2 d3 31. Kc3 c6 32. Qb8 c5 33. Qxa7 Kc6 34.
Qa4+ Kc7 35. b4 cxb4+ 36. Qxb4 Rd7 37. Qc5+ Kb8 38. Qf8+ Ka7 39. Qc5+ b6 40. Qf2 d2 41. Qxd2 Rxd2 0-1

[Event "Early-Titled-Tuesday-Blitz-May-07-2024"]
[Site "Chess.com"]
[Date "2024.05.07"]
[Round "5"]
[White "banane_verte"]
[Black "AttilaTurzo"]
[Result "0-1"]
[WhiteElo "2581"]
[BlackElo "2474"]
[TimeControl "180+1"]
[EndTime "8:59:31 PDT"]
[Termination "AttilaTurzo won by checkmate"]

1. d4 d5 2. c4 c6 3. Nf3 Nf6 4. Nc3 e6 5. e3 Nbd7 6. Bd3 dxc4 7. Bxc4 b5 8. Bd3 Bd6 9. e4 e5 10. dxe5 Nxe5 11. Nxe5 Bxe5 12. O-O O-O 13. f4 Bd4+ 14. Kh1 Ng4 15. Qf3 Qh4 16. Qg3 Qxg3 17. hxg3 Nf2+ 18. Rxf2 Bxf2 19. Kh2 Rd8 20. Bc2 Bg4 21. e5 f5 22.
exf6 gxf6 23. Ne4 Bd4 24. Be3 Kg7 25. Bxd4 Rxd4 26. Nf2 Be6 27. Bb3 Bxb3 28. axb3 Rd2 29. Ne4 Rxb2 30. Nc5 a5 31. Ne6+ Kf7 32. Nd4 a4 33.
bxa4 Rxa4 34. Rd1 c5 35. Nf5 c4 36. g4 Ra7 37. Rd6 c3 38. g5 fxg5 39. fxg5 c2 40.
Rf6+ Ke8 41. Rc6 Kd8 42. Nd4 Rc7 43. Ne6+ Kd7 44. Rxc7+ Kxe6 45. Kh3 b4 46. Kh4 b3 47. Kh5 Rb1 48. Kh6 Rh1+ 49. Kg7 c1=Q 50. Rxc1 Rxc1 51. Kxh7 Rg1 52. g4 Rxg4 53. g6 b2 54. g7 b1=Q+ 55.
Kh8 Rh4+ 56. Kg8 Qb8# 0-1

[Event "Early-Titled-Tuesday-Blitz-May-07-2024"]
[Site "Chess.com"]
[Date "2024.05.07"]
[Round "5"]
[White "Seochesspie"]
[Black "Ivan11Martic"]
[Result "1-0"]
[WhiteElo "2855"]
[BlackElo "2624"]
[TimeControl "180+1"]
[EndTime "8:59:32 PDT"]
[Termination "Seochesspie won on time"]

1. c4 g6 2. d4 Bg7 3. Nc3 d6 4.
e4 Nf6 5. h3 O-O 6. Be3 e5 7. d5 Na6 8. g4 Nd7 9. Nge2 Ndc5 10.
Ng3 Bf6 11. Qd2 Nb4 12. g5 Be7 13. h4 f5 14. gxf6 Bxf6 15. h5 Bg4 16. hxg6 hxg6 17. Rg1 Qd7 18. Bxc5 dxc5 19. a3 Na6 20. Be2 Kf7 21.
O-O-O Rh8 22. Kb1 Rh2 23. Qe3 Rah8 24. f4 Bxe2 25. Ngxe2 R8h3 26. Qc1 exf4 27. Qxf4 Qd6 28. Rdf1 Qxf4 29. Nxf4 Rh6 30. Nd3 Kg7 31. e5 Be7 32. e6 Bf6 33. Ne4 Bd4 34. Rf7+ Kg8 35. Rgf1 R6h3 36. Rf8+ Kg7 37. R8f3 Rxf3 38. Rxf3 Rh1+ 39. Ka2 b5 40. e7 Rh8 41. Nf4 Re8 42. Ne6+ Kh7 43.
Rf7+ Kh6 44. cxb5 Nb8 45. d6 cxd6 46. Nxd6 1-0

[Event "Early-Titled-Tuesday-Blitz-May-07-2024"]
[Site "Chess.com"]
[Date "2024.05.07"]
[Round "5"]
[White "Gareth-Bale11"]
[Black "andrew-blr"]
[Result "1-0"]
[WhiteElo "2912"]
[BlackElo "2602"]
[TimeControl "180+1"]
[EndTime "8:59:32 PDT"]
[Termination "Gareth-Bale11 won on time"]

1. d4 d5 2. c4 e6 3. Nc3 c5 4. e3 Nf6 5. Nf3 a6 6. a3 dxc4 7. Bxc4 b5 8. Bd3 Bb7 9. O-O Nbd7 10. Qe2 Bd6 11. Rd1 Qc7 12. h3 cxd4 13. exd4 O-O 14. Be3 Rac8 15. Rac1 Qb8 16. Ng5 Rfd8 17. a4 b4 18. Nce4 Nxe4 19. Nxe4 Bxe4 20. Bxe4 Nf6 21. Bf3 a5 22. Qa6 Bc7 23. Bb7 Bh2+ 24.
Kf1 Rxc1 25. Rxc1 Bc7 26. Bf3 h6 27. Rc6 Nd5 28. Bxd5 Rxd5 29. Ke2 Kh7 30. Qd3+ Kg8 31. Qc4 Bd8 32. g3 Qb7 33. Rc8 Qd7 34. b3 Kh7 35. h4 h5 36. Qc2+ g6 37. Rc5 Bf6 38. Qc4 Bxd4 39.
Rxd5 Qxd5 40. Qxd5 exd5 41. Bxd4 f5 42. Bb6 Kg8 43.
Bxa5 Kf7 44. Bxb4 1-0

[Event "Early-Titled-Tuesday-Blitz-May-07-2024"]
[Site "Chess.com"]
[Date "2024.05.07"]
[Round "5"]
[White "TheoSlade"]
[Black "Bykov_Egor"]
[Result "0-1"]
[WhiteElo "2478"]
[BlackElo "2622"]
[TimeControl "180+1"]
[EndTime "8:59:32 PDT"]
[Termination "Bykov_Egor won by resignation"]

1. d4 Nf6 2. c4 e6 3. g3 d5 4. Bg2 dxc4 5. Nf3 Bb4+ 6. Nbd2 b5 7. O-O O-O 8. b3 cxb3 9. Qxb3 a5 10. a3 Be7 11.
Qxb5 Ba6 12. Qxa5 Nd5 13. Re1 Nd7 14. Qa4 Bxe2 15. Qc2 Bb5 16. Bb2 Qb8 17. Ne4 Ba4 18. Qe2 Qa7 19. Rec1 Rfb8 20. Ne5 Nxe5 21. dxe5 c5 22.
Nc3 Bc6 23. Rd1 Qb7 24. Nxd5 Bxd5 25. Bxd5 exd5 26. Bc3 d4 27. Bd2 Qd5 28. Rdc1 Rb2 29. Rab1 Rab8 30. Rxb2 Rxb2 31. Qd3 Bf8 32. Bf4 Rb3 33.
Qc4 Qxc4 34. Rxc4 Rxa3 35. h4 g6 36. Kf1 Be7 37. Ke2 Kf8 38. Kd2 Ke8 39. Kc2 Kd7 40. Bd2 Kc6 41. Kb2 Rd3 42. Kc2 Ra3 43. Kb2 Ra8 44.
Kc2 Kd5 45. Kd3 Ra3+ 46. Bc3 Rxc3+ 47. Rxc3 dxc3 48. Kxc3 Kxe5 49. Kc4 Ke4 0-1

[Event "Early-Titled-Tuesday-Blitz-May-07-2024"]
[Site "Chess.com"]
[Date "2024.05.07"]
[Round "5"]
[White "Arteler"]
[Black "profedechess93"]
[Result "0-1"]
[WhiteElo "2334"]
[BlackElo "2633"]
[TimeControl "180+1"]
[EndTime "8:59:32 PDT"]
[Termination "profedechess93 won by resignation"]

1. e4 e6 2. d4 d5 3. e5 c5 4. c3 Nc6 5. Bd3 cxd4 6. cxd4 Nxd4 7.
Nf3 Nc6 8. Nc3 f6 9. Nh4 Nxe5 10. Qh5+ Nf7 11. Bxh7 Ne7 12. Ng6 Nxg6 13. Qxg6 Qc7 14. Be3 Bd7 15. Rc1 Qe5 16. Ne2 Bc6 17. O-O Bd6 18. Bf4 Qf5 19. Qxf5 exf5 20. Bxf5 Be5 21. Rc2 Ke7 22. Re1 g5 23. Bg3 Kd6 24. Nc3 Rhe8 25. Rd2 Nh6 26. Bxe5+ Rxe5 27. Rxe5 fxe5 28. Bc2 d4 29.
Ne4+ Bxe4 30. Bxe4 Rc8 31. f3 b6 32. Kf2 Ng8 33. g3 Nf6 34. Ke2 Rh8 35. Kf1 g4 36. Bb7 gxf3 37. Bxf3 e4 38. Bh1 Ke5 39. Ke2 Rxh2+ 40.
Ke1 Rxh1+ 41. Ke2 Rh2+ 42. Kd1 Rxd2+ 43. Kxd2 Ng4 0-1

[Event "Early-Titled-Tuesday-Blitz-May-07-2024"]
[Site "Chess.com"]
[Date "2024.05.07"]
[Round "5"]
[White "Chess4always"]
[Black "Nechitaylo_Nikita"]
[Result "0-1"]
[WhiteElo "2031"]
[BlackElo "2357"]
[TimeControl "180+1"]
[EndTime "8:59:32 PDT"]
[Termination "Nechitaylo_Nikita won by resignation"]

1. d4 Nf6 2. Bg5 Ne4 3. Bf4 c5 4. f3 Qa5+ 5. c3 Nf6 6. d5 Qb6 7. b3 e6 8. e4 Bd6 9. Bxd6 Qxd6 10. dxe6 Qxe6 11. Ne2 O-O 12. Nd2 d5 13. Qc2 Re8 14. Nf4 Qd6 15. g3 dxe4 16. Nxe4 Nxe4 17. fxe4 Bf5 18. Bg2 Qc6 19. O-O Bxe4 20. Bxe4 Qxe4 21. Qxe4 Rxe4 22. Rad1 Nc6 23. Rd7 b6 24. Nd5 Ne5 25. Rb7 Re2 26. a3 Rd8 27. Ne7+ Kh8 28. Rxa7 h6 29.
Nf5 Rdd2 30. Nh4 Ng4 31. Rfxf7 Rd1+ 32. Rf1 Rxf1+ 33. Kxf1 Rxh2 34. Nf5 Rf2+ 35. Kg1 Rf3 36. Nxg7 Rxg3+ 37. Kh1 Nf2+ 38. Kh2 Rxg7 39. Ra8+ Kh7 40.
Rb8 Ne4 41. Rxb6 Nxc3 42. Rc6 Rg5 43. b4 cxb4 44. axb4 Nd5 45. Rc7+ Nxc7 0-1

[Event "Early-Titled-Tuesday-Blitz-May-07-2024"]
[Site "Chess.com"]
[Date "2024.05.07"]
[Round "5"]
[White "Kiborg95"]
[Black "h4parah5"]
[Result "1/2-1/2"]
[WhiteElo "2844"]
[BlackElo "3013"]
[TimeControl "180+1"]
[EndTime "8:59:34 PDT"]
[Termination "Game drawn by repetition"]

1. e4 c5 2. Nc3 Nc6 3. Nge2 Nf6 4.
d4 cxd4 5. Nxd4 h5 6. Bc4 e6 7. Bf4 Bc5 8. Ndb5 O-O 9. Bc7 Qe7 10. Bd6 Bxd6 11. Qxd6 Ne8 12. Qxe7 Nxe7 13. O-O-O f5 14.
exf5 Nxf5 15. Rhf1 a6 16. Nd4 b5 17. Nxf5 Rxf5 18.
Bd3 Rf8 19. Be4 Ra7 20. f3 h4 21. Bg6 Nc7 22. Ne4 Nd5 23. Nd6 Ne3 24. Be4 Nxf1 25. Rxf1 Rd8 26. Rd1 Kf8 27. Kd2 Ke7 28. Ke3 Rc7 29. c3 Rf8 30. Rd4 g5 31. h3 Rf6 32.
Rd2 Rf8 33. a3 Rf6 34. Ke2 Rc5 35. Kd1 e5 36. Nf5+ Kd8 37. Nd6 a5 38. Rd3 a4 39.
Rd2 Rf8 40. Ke1 Kc7 41. Kf2 Ba6 42. Ke3 Kd8 43. Kf2 Rc7 44. Ke3 Ke7 45. Nf5+ Rxf5 46.
Bxf5 d6 47. Rd5 Kf6 48. Bd3 Ke6 49. Be4 Ke7 50. Rd2 Rc5 51. Rd5 Rc7 52. Rd2 Rc5 53.
Rd5 Rc7 1/2-1/2

[Event "Early-Titled-Tuesday-Blitz-May-07-2024"]
[Site "Chess.com"]
[Date "2024.05.07"]
[Round "5"]
[White "MokshAD1603"]
[Black "Lady_Nika"]
[Result "1-0"]
[WhiteElo "2624"]
[BlackElo "2480"]
[TimeControl "180+1"]
[EndTime "8:59:35 PDT"]
[Termination "MokshAD1603 won by checkmate"]

1. d4 d5 2. Nf3 e6 3. c4 f5 4. Bg5 Nf6 5. Nbd2 Be7 6. g3 O-O 7. Bg2 Ne4 8. Bxe7 Qxe7 9. O-O Nd7 10. Ne1 c6 11. e3 Nd6 12. Rc1 b6 13. Nd3 Ba6 14.
b3 Ne4 15. Nf3 Rac8 16. Re1 Rfd8 17. h4 c5 18. cxd5 exd5 19. Nf4 Ndf6 20. Ne5 Bb7 21. Qd3 Nd7 22. Nxd7 Rxd7 23. dxc5 bxc5 24. Red1 Rcd8 25.
Qc2 Rc8 26. Qb2 a6 27. Qa3 Rcc7 28. Rc2 Qe5 29. Bxe4 dxe4 30. Rxd7 Rxd7 31. Qxc5 Qa1+ 32. Rc1 Qf6 33. Qc4+ Kh8 34. Qe6 Qxe6 35. Nxe6 h6 36. Nd4 g6 37. h5 Kg7 38. hxg6 Kxg6 39. Rc5 Rf7 40. b4 h5 41. a4 Kg5 42. Ne6+ Kg4 43.
Nf4 h4 44. gxh4 Kxh4 45. Kf1 Rg7 46. Rxf5 Bc8 47. Rh5+ Kg4 48. Rh1 Kf3 49. Rg1 Rc7 50. Rg3# 1-0